 Dungeon Crawl Stone Soup version 0.21-a0-440-g28109cb (webtiles) character file.

24242 namelastname112 the Frost Mage (level 12, -2/142 HPs)
             Began as a Demonspawn Ice Elementalist on Nov 10, 2017.
             Was the Champion of Dithmenos.
             Slain by a vampire (12 damage)
             ... on level 13 of the Dungeon.
             The game lasted 00:37:36 (14371 turns).

namelastname112 the Frost Mage (DsIE)              Turns: 14371, Time: 00:37:38

Health: -2/142     AC:  2    Str: 18    XL:     12   Next: 78%
Magic:  0/31       EV:  2    Int: 27    God:    Dithmenos [******]
Gold:   185        SH:  0    Dex: 18    Spells: 11/28 levels left

rFire    . . .     SeeInvis .   x - +10 trident "Pendulum" {drain, *Slow Str+9 Dex+4 Stlth-}
rCold    . . .     Gourm    .   (no shield)
rNeg     + + +     Faith    .   (armour currently unavailable)
rPois    +         Spirit   +   (helmet currently unavailable)
rElec    .         Reflect  .   (cloak currently unavailable)
rCorr    .         Harm     .   (gloves currently unavailable)
MR       .....     Clarity  +   (boots currently unavailable) Stlth ++........NoTele +
                                I - amulet of magic regeneration
HPRegen  0.33/turn              c - +6 ring of intelligence
MPRegen  0.47/turn              p - ring of magical power

@: tree-form, corroded, very slightly contaminated, wreathed by umbra
A: clarity, low mp 1, magic shield, rot immunity
a: Shadow Step, Shadow Form, Renounce Religion


You were on level 13 of the Dungeon.
You worshipped Dithmenos.
Dithmenos was exalted by your worship.
You were hungry.
You were a tree.
You visited 2 branches of the dungeon, and saw 15 of its levels.

You collected 888 gold pieces.
You spent 703 gold pieces at shops.

Inventory:

Hand Weapons
 j - a +1 vampiric whip
 x - the +10 trident "Pendulum" (weapon) {drain, *Slow Str+9 Dex+4 Stlth-}
   (You found it on level 5 of the Dungeon)

   A truly terrible weapon, it drains the life of those it strikes.
   It affects your strength (+9).
   It affects your dexterity (+4).
   It may slow you when you take damage.
   It makes you less stealthy.
Missiles
 e - 2 throwing nets (quivered)
Armour
 m - a +1 pair of gloves (melded)
 q - a +0 pair of boots (melded)
 L - a +0 troll leather armour (melded)
Jewellery
 c - a +6 ring of intelligence (left branch)
 i - an uncursed ring of positive energy
 p - a ring of magical power (right branch)
 I - an amulet of magic regeneration (around neck)
 W - an uncursed ring of protection from magic
Wands
 f - a wand of paralysis (17/24)
 n - a wand of enslavement (7/24)
 s - a wand of disintegration (15/24)
 E - a wand of lightning (7/15)
 F - a wand of enslavement (10/24)
 P - a wand of iceblast (0/15)
 S - a wand of confusion (26/48)
 X - a wand of digging (15/24)
 Y - a wand of acid (10/15)
Scrolls
 a - a scroll of random uselessness {unknown}
 d - 3 scrolls of enchant weapon
 g - 7 scrolls of remove curse
 h - 6 scrolls of identify
 t - 3 scrolls of teleportation
 y - 3 scrolls of fear
 z - 2 scrolls of recharging
 D - 2 scrolls of amnesia
 H - 2 scrolls of magic mapping
 R - 2 scrolls of fog
 Z - a scroll of acquirement {unknown}
Potions
 k - 2 potions of brilliance
 l - a potion of might
 o - 2 potions of haste
 r - a potion of agility
 v - a potion of lignification
 w - 2 potions of flight
 A - 5 potions of curing
 J - a potion of resistance
 K - a potion of cancellation
 O - a potion of berserk rage
 T - a potion of invisibility
Books
 b - a book of Frost

   Spells                             Type                      Level
   a - Freeze                         Ice                          1
   b - Throw Frost                    Conjuration/Ice              2
   c - Ozocubu's Armour               Charms/Ice                   3
   d - Throw Icicle                   Conjuration/Ice              4
   e - Summon Ice Beast               Ice/Summoning                4
 N - a book of Misfortune

   Spells                             Type                      Level
   a - Confusing Touch                Hexes                        1
   b - Confuse                        Hexes                        3
   c - Gell's Gravitas                Translocation                3
   d - Petrify                        Transmutation/Earth          4
   e - Metabolic Englaciation         Hexes/Ice                    5
   f - Yara's Violent Unravelling     Hexes/Transmutation          5
 Q - the Reference Book on Arcane Weapons
   (You bought it in a shop on level 9 of the Dungeon)

   Spells                             Type                      Level
   a - Magic Dart                     Conjuration                  1
   b - Searing Ray                    Conjuration                  2
   c - Throw Icicle                   Conjuration/Ice              4
   d - Venom Bolt                     Conjuration/Poison           5
   e - Lightning Bolt                 Conjuration/Air              5
   f - Bolt of Cold                   Conjuration/Ice              6
 V - a book of Air

   Spells                             Type                      Level
   a - Shock                          Conjuration/Air              1
   b - Swiftness                      Charms/Air                   2
   c - Static Discharge               Conjuration/Air              3
   d - Airstrike                      Air                          4
   e - Lightning Bolt                 Conjuration/Air              5
Miscellaneous
 M - a box of beasts
Comestibles
 u - 7 meat rations
 C - 5 bread rations
 G - 14 royal jellies
 U - a fruit


   Skills:
 + Level 9.0 Fighting
 + Level 8.4 Dodging
 - Level 1.7 Stealth
 + Level 8.5 Spellcasting
 * Level 9.9 Conjurations
 + Level 11.3 Ice Magic


You had 11 spell levels left.
You knew the following spells:

 Your Spells              Type           Power        Failure   Level  Hunger
a - Summon Ice Beast      Ice/Summ       #####...     4%          4    ##.....
c - Throw Icicle          Conj/Ice       ######..     1%          4    ##.....
s - Bolt of Cold          Conj/Ice       ######....   10%         6    ######.
x - Throw Frost           Conj/Ice       ######       1%          2    None
z - Freeze                Ice            ####         1%          1    None


Dungeon Overview and Level Annotations

Branches:
Dungeon (14/15)            Temple (1/1) D:4            Lair (0/6) D:11
    Orc (0/2) D:10
 Vaults: D:13-14

Altars:
Cheibriados
Dithmenos
Elyvilon
Fedhas
Gozag
Hepliaklqana
Kikubaaqudgha
Makhleb
Nemelex Xobeh
Okawaru
Qazlal
Ru
Sif Muna
Uskayaw
Vehumet
Wu Jian
Xom
Zin
Lugonu

Shops:
D:9 [(}(*%

Portals:
Trove: D:14 (show slimy rune of Zot)


Innate Abilities, Weirdness & Mutations

((You have a pair of antennae on your head.))
((You have very sharp fingernails.))
((You have sharp toenails.))
When hurt, damage is shared between your health and your magic reserves.
You are immune to rotting.
You possess an exceptional clarity of mind.
Your magical capacity is low. (-10% MP)


Message History

The vampire bites you!
* * * LOW HITPOINT WARNING * * *
The vampire hits you but does no damage.
The vampire bites you!
* * * LOW HITPOINT WARNING * * *
You take 27 damage, and have 11/142 hp.
You feel better.
The vampire hits you but does no damage.
The vampire bites you!
* * * LOW HITPOINT WARNING * * *
You take 1 damage, and have 10/142 hp.
You feel better.
The vampire hits you but does no damage.
The vampire bites you!
* * * LOW HITPOINT WARNING * * *
You take 7 damage, and have 3/142 hp.
You now have 0/31 mp.
You feel better. The vampire hits you.
* * * LOW HITPOINT WARNING * * *
The vampire bites you!
You die...

......##..#.≈≈.#.###[##.#.
###[#(##'##.≈≈.#.## #{..Z
..(.(..#..'.≈≈.##a#####.
.>.(...#).#.≈≈.###.#?#. ..
.......#..#.≈≈.# #[#.# .
.[[....#..#.≈≈.# ##.##
..)....#..#.≈≈.#####.#
.[[(...#..#.≈≈.#8###.#
..<....#..#.≈≈.#♣##†##
..÷....#..##≈≈###Va##
.......#### ##########
######## #........#
#..>.....# #......<.#
#........# ##########


You could see a vampire and a worker ant.

Vanquished Creatures
  Josephine (D:13)
  2 hydras
  2 centaur warriors (D:13)
  2 two-headed ogres
  Urug (D:12)
  An unseen horror (D:11)
  2 ugly things
  2 manticores
  A centaur zombie (D:13)
  2 orange demons (D:12)
  A gargoyle (D:11)
  4 kobold demonologists (D:13)
  2 trolls
  3 meliai (D:13)
  A merfolk (D:9)
  3 hippogriffs
  2 hornets
  2 shadows (D:14)
  4 wraiths (D:13)
  5 yaks (D:11)
  A wyvern (D:12)
  2 hungry ghosts
  3 vampire mosquitoes
  3 wargs (D:11)
  An acid dragon (D:11)
  A soldier ant (D:13)
  A slave (D:7)
  4 phantoms
  3 sky beasts
  6 orc warriors
  5 ice beasts
  A black bear (D:9)
  3 ogres
  A necrophage (D:10)
  An eye of draining (D:10)
  6 centaurs
  2 wolves (D:10)
  A crocodile (D:11)
  2 big kobolds
  6 bullfrogs
  2 scorpions
  A howler monkey (D:5)
  16 killer bees
  13 wights
  An electric eel (D:13)
  10 crimson imps
  A quasit (D:9)
  3 jellies
  3 hounds
  9 orc priests
  A bullfrog skeleton (D:10)
  5 centaur skeletons
  6 iron imps (D:12)
  3 iguanas
  Terence (D:3)
  7 worker ants
  13 orc wizards
  A hound zombie (D:10)
  A hound skeleton (D:4)
  A howler monkey skeleton (D:6)
  A howler monkey zombie (D:5)
  8 adders
  4 gnolls
  3 shadow imps
  An ooze (D:4)
  An adder skeleton (D:4)
  5 worms
  5 leopard geckos
  46 orcs
  A bat zombie (D:5)
  2 giant cockroaches
  3 goblins
  14 jackals
  A quokka (D:6)
  2 ball pythons
  6 bats
  5 frilled lizards
  A jackal skeleton (D:8)
  7 kobolds
  3 leopard gecko skeletons
  2 leopard gecko zombies
  A quokka skeleton (D:9)
  5 rats
  2 rat zombies (D:5)
323 creatures vanquished.

Vanquished Creatures (collateral kills)
  2 two-headed ogres
  Pikel (D:7)
  A centaur zombie (D:11)
  A troll (D:9)
  A hornet (D:8)
  A queen bee (D:9)
  A hippogriff (D:9)
  A wraith (D:10)
  3 vampire mosquitoes (D:14)
  Grum (D:10)
  2 orc warriors
  An ice beast (D:9)
  A wolf (D:10)
  A centaur (D:13)
  A wyvern zombie (D:6)
  A scorpion (D:14)
  15 killer bees
  2 crimson imps
  An orc priest (D:10)
  A jelly (D:9)
  A centaur skeleton (D:9)
  An orc wizard (D:6)
  7 orcs
  A jackal (D:11)
  2 quokkas
51 creatures vanquished.

Grand Total: 374 creatures vanquished

Notes
Turn   | Place    | Note
-------+----------+-------------------------------------------
     0 | D:1      | namelastname112 the Demonspawn Ice Elementalist began the quest for the Orb.
     0 | D:1      | Reached XP level 1. HP: 13/13 MP: 3/3
   188 | D:1      | Wingboner: Что-то у тебя совсем боль_и_страдания.
   272 | D:1      | Gained mutation: You have a pair of small antennae on your head. [demonic ancestry]
   272 | D:1      | Reached XP level 2. HP: 8/20 MP: 0/5
   476 | D:1      | namelastname112: играть наверное разучился
   493 | D:1      | Reached skill level 3 in Ice Magic
  1030 | D:2      | Reached skill level 1 in Fighting
  1030 | D:2      | Gained mutation: You have sharp toenails. [demonic ancestry]
  1030 | D:2      | Reached XP level 3. HP: 15/26 MP: 2/6
  1090 | D:2      | namelastname112: я монстроус словил чели
  1509 | D:2      | Found a hide-covered altar of Uskayaw.
  1622 | D:3      | Found an opulent altar of Gozag.
  1960 | D:3      | Wingboner: У тебя мурсики.
  1987 | D:4      | Noticed an ogre
  1991 | D:4      | Noticed a scorpion
  2002 | D:4      | Found a staircase to the Ecumenical Temple.
  2013 | D:4      | Found a blossoming altar of Fedhas.
  2020 | Temple   | Entered the Ecumenical Temple
  2280 | Temple   | Became a worshipper of Dithmenos the Shadowed
  2330 | Temple   | Killed a scorpion
  2330 | Temple   | Gained mutation: You have a pair of antennae on your head. [demonic ancestry]
  2330 | Temple   | Reached XP level 4. HP: 12/32 MP: 7/7
  2841 | D:4      | Noticed an ogre
  2870 | D:4      | namelastname112: блять
  2870 | D:4      | namelastname112: кольцо чето охуело
  2870 | D:4      | namelastname112: каждые 10 ходов триггерится
  2963 | D:4      | Reached XP level 5. HP: 38/38 MP: 9/9
  2969 | D:4      | Learned a level 4 spell: Throw Icicle
  2999 | D:4      | Reached skill level 4 in Ice Magic
  3016 | D:4      | Wingboner: Кстати, ты в курсе, как кольцо поменяли?
  3029 | D:4      | namelastname112: ну оно к мобам телепает вроде
  3067 | D:3      | Wingboner: 1) больше нет активации
  3209 | D:3      | Wingboner: 2) когда оно срабатывает, то делает случайный телепорт. Если случайный телепорт тебя кидает к мобам, то оно срабатывает. Иначе кладёт, где взяло.
  3261 | D:3      | Learned a level 2 spell: Throw Frost
  3414 | D:3      | Noticed Terence
  3424 | D:3      | Killed Terence
  3574 | D:3      | namelastname112: короче оно теперь вообще кал
  3574 | D:3      | Wingboner: Да.
  3688 | D:3      | Found a deep blue altar of Sif Muna.
  3778 | D:3      | Wingboner: И если уровень не зачищен, то получается, что шанс успешно сработать намного выше.
  4058 | D:3      | Wingboner: А на пустом уровне мобов почти нет, то есть шанс реально сработать очень низкий.
  4246 | D:4      | Gained mutation: When hurt, damage is shared between your health and your magic reserves. [demonic ancestry]
  4246 | D:4      | Reached XP level 6. HP: 42/44 MP: 10/10
  4247 | D:4      | namelastname112: бля
  4247 | D:4      | namelastname112: че за мутации такие
  4634 | D:4      | Reached * piety under Dithmenos
  4651 | D:4      | Wingboner: Mana link это очень хорошая мутация, но только на высоких уровнях. Первый уровень говнецо, а 2 и 3 годнота.
  4819 | D:4      | Found a glowing silver altar of Zin.
  5099 | D:5      | Entered Level 5 of the Dungeon
  5100 | D:5      | namelastname112: я не шарю в демонспавнах просто
  5119 | D:5      | Noticed a sky beast
  5119 | D:5      | Got an iridescent trident
  5127 | D:5      | Identified the +10 trident "Pendulum" {drain, *Slow Str+9 Dex+4 Stlth-} (You found it on level 5 of the Dungeon)
  5128 | D:5      | Wingboner: ??ds mutation rules
  5128 | D:5      | beem: ds mutation rules[1/5]: Assuming you aren't monstrous, you get five facets, each consisting of three mutations (which usually just stack together). You will get one scales-type facet, one body-slot facet, two tier 2 facets, and one tier 3 facet.
  5129 | D:5      | Killed a sky beast
  5129 | D:5      | Reached skill level 5 in Ice Magic
  5129 | D:5      | Wingboner: ??ds mutation rules[2
  5129 | D:5      | Reached XP level 7. HP: 44/51 MP: 10/12
  5130 | D:5      | beem: ds mutation rules[2/5]: The {scales}-type facets are icy blue, iridescent, molten, rough black, rugged brown, slimy green, thin metallic, or yellow scales, or alternatively thin skeletal structure, large bone plates, sanguine armour, sturdy frame, or repulsion field. Body-slot facets: claws, horns, antennae, hooves, talons.
  5130 | D:5      | Wingboner: ??ds mutation rules[3
  5130 | D:5      | beem: ds mutation rules[3/5]: Tier 2 facets: powered by death, powered by pain, demonic guardian, nightstalker, spiny, rot (rRot, foul stench), fire (flame cloud immunity, rF+, ignite blood), ice (freezing cloud immunity, rC+, icemail), magic shield.
  5130 | D:5      | Wingboner: ??ds mutation rules[4
  5130 | D:5      | beem: ds mutation rules[4/5]: Tier 3 facets: robust (+30% HP), negative energy (rN+/rTorment/black mark), {augmentation} (+slay/spellpower scaling with HP), ice (rC+, freezing cloud immunity, passive freeze), fire (rF+, flame cloud immunity, hellfire). Ice/fire facets are incompatible, as are foul stench/ignite blood.
  5144 | D:5      | Wingboner: ??ds mutation rules[5
  5146 | D:5      | beem: ds mutation rules[5/5]: If you are monstrous (1 in 10 chance), then you get 3 body-slot facets but you don't get scales. You still get 2 tier 2 facets and 1 tier 3 facet, for 6 facets total. Your first body slot mutation will come with the message, "You feel monstrous as your demonic heritage exerts itself."
  5155 | D:5      | Wingboner: Вот это по сути всё.
  5492 | D:5      | Wingboner: На первом уровне мана линк даёт просто +Spirit, на втором быстрый манареген, а на третьем — когда мало маны, хп реген тоже перегоняется в ману. Особо круто работает с Powered by Death.
  5590 | D:5      | Wingboner: У меня 20+ маны в ход регенило.
  5855 | D:5      | Wingboner: В зигах тупо не использовал ченнел.
  5925 | D:5      | Found an ancient bone altar of Kikubaaqudgha.
  6009 | D:5      | Wingboner: Идёшь и спамишь девятки.
  6009 | D:5      | Wingboner: Вех нинужен, посох нинужен.
  6009 | D:5      | namelastname112: лол
  6009 | D:5      | namelastname112: нормально
  6028 | D:5      | Learned a level 4 spell: Summon Ice Beast
  6057 | D:6      | Noticed a two-headed ogre
  6074 | D:6      | Found a burning altar of Makhleb.
  6120 | D:6      | Gained mutation: You are immune to rotting. [demonic ancestry]
  6120 | D:6      | Reached XP level 8. HP: 54/59 MP: 14/14
  6134 | D:6      | namelastname112: иммун ту роттинг
  6134 | D:6      | namelastname112: это помойка вроде
  6182 | D:6      | Wingboner: Не, нормально.
  6189 | D:6      | Wingboner: Второй уровень — газы.
  6202 | D:6      | Wingboner: Миазма под противников.
  6378 | D:6      | Wingboner: То есть их травит, гноит и замедляет.
  6407 | D:6      | Wingboner: Третий уровень — то же самое, но мощнее и чаще.
  6528 | D:6      | Wingboner: Не самая крутая мутация, но и не днище.
  6550 | D:6      | Reached ** piety under Dithmenos
  6571 | D:6      | Found a shimmering altar of Xom.
  6583 | D:6      | Reached skill level 6 in Ice Magic
  6602 | D:6      | Wingboner: Учти, что тебя всякие говномумии теперь не сгноят.
  6692 | D:6      | Killed a two-headed ogre
  7023 | D:6      | Found a sparkling altar of Nemelex Xobeh.
  7262 | D:6      | namelastname112: дожить бы
  7313 | D:7      | Reached skill level 7 in Ice Magic
  7313 | D:7      | Reached XP level 9. HP: 20/66 MP: 0/16
  7691 | D:7      | Found an ornate altar of the Wu Jian Council.
  7938 | D:7      | Reached skill level 5 in Spellcasting
  8002 | D:7      | Reached skill level 5 in Fighting
  8319 | D:7      | Noticed Pikel
  8336 | D:7      | Killed Pikel
  8336 | D:7      | Reached skill level 5 in Dodging
  8529 | D:8      | Reached *** piety under Dithmenos
  8529 | D:8      | Reached skill level 5 in Conjurations
  8721 | D:8      | Reached skill level 8 in Ice Magic
  9136 | D:8      | Found a white marble altar of Elyvilon.
  9156 | D:8      | Reached XP level 10. HP: 39/76 MP: 4/18
  9363 | D:9      | Found Ibieff's Food Shop.
  9558 | D:9      | Reached **** piety under Dithmenos
  9610 | D:9      | Found Kioleuj's Weapon Boutique.
  9682 | D:9      | Found Buademus's Antique Armour Boutique.
  9685 | D:9      | Found Caischil's Gadget Shoppe.
  9842 | D:9      | Reached skill level 9 in Ice Magic
 10223 | D:9      | Found Ugoanoh's Antique Weapon Shoppe.
 10245 | D:9      | Found Selam's Demolitions Depot.
 10362 | D:10     | Entered Level 10 of the Dungeon
 10440 | D:10     | Found a staircase to the Orcish Mines.
 10441 | D:10     | Noticed Grum
 10541 | D:10     | Wingboner: Ну ты ЧАСОВЩИК ИЗ ТЕНИ.
 10549 | D:10     | Wingboner: Маятником избиваешь всех.
 10551 | D:10     | Killed Grum
 10565 | D:10     | Reached ***** piety under Dithmenos
 10580 | D:10     | namelastname112: вилка на десятку вообще
 10671 | D:10     | Wingboner: Плюсов больше, чем минусов. Но минусы существенные.
 11036 | D:10     | You fall through a shaft for 2 floors!
 11070 | D:11     | Gained mutation: You have sharp fingernails. [demonic ancestry]
 11070 | D:11     | Reached XP level 11. HP: 83/83 MP: 17/21
 11088 | D:11     | Noticed a two-headed ogre
 11116 | D:11     | namelastname112: блять
 11116 | D:11     | namelastname112: это у меня когти будут нахуй
 11116 | D:11     | namelastname112: на ногах ногти длинные
 11116 | D:11     | namelastname112: и антенна
 11116 | D:11     | Wingboner: Будут. А ещё ты немного телевизор.
 11116 | D:11     | namelastname112: пиздец
 11125 | D:11     | Killed a two-headed ogre
 11196 | D:11     | Wingboner: Ногти, рукти и усики.
 11226 | D:11     | Found a staircase to the Lair.
 11284 | D:11     | Noticed a red ugly thing
 11296 | D:11     | Killed a red ugly thing
 11300 | D:11     | Gained mutation: You possess an exceptional clarity of mind. [mutagenic meat]
 11301 | D:11     | Gained mutation: Your magical capacity is low. (-10% MP) [mutagenic meat]
 11325 | D:11     | Reached skill level 10 in Ice Magic
 11436 | D:11     | Found a snail-covered altar of Cheibriados.
 11438 | D:11     | Noticed a four-headed hydra
 11461 | D:11     | Killed an unseen horror
 11491 | D:11     | Killed a four-headed hydra
 11693 | D:11     | Noticed a two-headed ogre
 11696 | D:11     | Killed a two-headed ogre
 12246 | D:9      | Bought the Reference Book on Arcane Weapons for 703 gold pieces
 12256 | D:9      | Learned a level 6 spell: Bolt of Cold
 12257 | D:9      | Wingboner: Начинал DDFi...
 12343 | D:11     | Wingboner: !lm . x=status
 12355 | D:12     | beem: 36345. [2017-11-10 18:27:43] [status=non-regenerating] casual the Severer (L23 DDFi of Makhleb) left the Vaults on turn 49011. (Vaults:1)
 12416 | D:12     | Wingboner: А, тьфу.
 12447 | D:12     | Noticed a two-headed ogre
 12450 | D:12     | Killed a two-headed ogre
 12499 | D:12     | Wingboner: В общем, я сейчас уже в статуе, качаю торнадо.
 12537 | D:12     | namelastname112: лол
 12537 | D:12     | namelastname112: ну как обычно
 12646 | D:12     | Found a corrupted altar of Lugonu.
 12951 | D:12     | Noticed Urug
 12960 | D:12     | Killed Urug
 12960 | D:12     | Gained mutation: You have very sharp fingernails. [demonic ancestry]
 12960 | D:12     | Reached XP level 12. HP: 33/92 MP: 1/21
 13123 | D:12     | Reached ****** piety under Dithmenos
 13256 | D:13     | namelastname112: пиздато встречают ребята
 13304 | D:13     | Wingboner: Ну ты хоть EV качаешь.
 13307 | D:13     | Wingboner: А то тут бывают случаи...
 13349 | D:13     | Wingboner: !lg tegga21 ogwz xl>10
 13349 | D:13     | beem: 2. Tegga21 the Impaler (L14 OgWz of Okawaru), blasted by a gargoyle (stone arrow) on D:14 (gargoyle_guard) on 2017-05-29 07:07:38, with 51944 points after 31938 turns and 2:27:26.
 13360 | D:13     | Wingboner: !lg tegga21 ogwz xl>10 x=ac,ev,sh
 13360 | D:13     | beem: vampire mosquito (y)
                  | Spd:
    19 | HD: 5    | HP: 23-32
                  | AC/EV: 2/15
                  | Dam: 13(vampiric)
                  | undead, evil, fly, unbreathing
                  | Res: magic(20), poison+++, drown, rot+++, neg+++, torm
                  | Vul: holy++
                  | Chunks: noxious
                  | XP:
   179 | Sz: little | Int: animal.
 13360 | D:13     | beem: vampire mosquito (y)
                  | Spd:
    19 | HD: 5    | HP: 23-32
                  | AC/EV: 2/15
                  | Dam: 13(vampiric)
                  | undead, evil, fly, unbreathing
                  | Res: magic(20), poison+++, drown, rot+++, neg+++, torm
                  | Vul: holy++
                  | Chunks: noxious
                  | XP:
   179 | Sz: little | Int: animal.
 13360 | D:13     | beem: 012. [ac=9;ev=10;sh=0] Tegga21 the Impaler (L14 OgWz of Okawaru), blasted by a gargoyle (stone arrow) on D:14 (gargoyle_guard) on 2017-05-29 07:07:38, with 51944 points after 31938 turns and 2:27:26.
 13360 | D:13     | namelastname112: норм дефенсы
 13360 | D:13     | namelastname112: для огера-то
 13402 | D:13     | Noticed a centaur warrior
 13436 | D:14     | Wingboner: Он спустился на д14 в волт с кучей гаргулий, включая необычных. Они просто плюнули по разу и его распылило.
 13442 | D:14     | Found a portal to a secret trove of treasure.
 13451 | D:14     | Wingboner: !log tegga21 ogwz xl>10
 13453 | D:14     | beem: 2. Tegga21, XL14 OgWz, T:31938: http://crawl.akrasiac.org/rawdata/Tegga21/morgue-Tegga21-20170529-070738.txt
 13750 | D:13     | Reached skill level 11 in Ice Magic
 13752 | D:13     | Killed a centaur warrior
 13857 | D:13     | Noticed a centaur warrior
 13862 | D:13     | Killed a centaur warrior
 13886 | D:13     | Noticed a six-headed hydra
 13887 | D:13     | Killed a six-headed hydra
 14262 | D:13     | Noticed Josephine
 14273 | D:13     | Killed Josephine
 14370 | D:13     | HP: 3/142 [vampire (12)]
 14371 | D:13     | Slain by a vampire

Vault maps used:
D:1:      roderic_crossed_star
D:2:      lemuel_round_altar
D:3:      nicolae_gozag_cash_rules_everything_around_me, marbit_many_paths,
          first_bread, serial_curves, eino_curves_04, eino_curves_03,
          uniq_terence
D:4:      zin_statuary, fedhas_altar_2, minmay_temple_entry_statues,
          serial_forest, infiniplex_forest_clump_small,
          infiniplex_forest_lined_room_3, infiniplex_forest_clump_C,
          infiniplex_forest_lined_2, infiniplex_forest_corner_1,
          infiniplex_forest_straight_4
D:5:      lemuel_zombie_altar_kikubaaqudgha
D:6:      xom_teletrap_fun, bloody_makhleb, nemelex_xobeh_ov_fountains_minmay
D:7:      overflow_temple_1_default, uniq_pikel
D:8:      nicolae_overflow_crystal_walls
D:9:      serial_shops, shop, shop, shop, shop, nicolae_shop_waterfront,
          hangedman_fish_farm, st_stairs_7, nicolae_lava_and_water,
          nicolae_blasting_shop
D:10:     david_orc_3, uniq_grum
D:11:     erik_lair_orcish_takeover, basic_altar
D:12:     lemuel_hellish_altar, uniq_urug
D:13:     wad_river_or_something, uniq_josephine
D:14:     david_vaults_5, enter_trove_3
Temple:   minmay_temple_forest_path

Skill      XL: |  1  2  3  4  5  6  7  8  9 10 11 12 |
---------------+-------------------------------------+-----
Dodging        | 2 3 4 5 6 7 8 |  8.4
Ice Magic      | 3 4 5 7 8 9 10 11 | 11.3
Fighting       | 1 2 3 4 5 6 8 9 |  9.0
Spellcasting   | 3 4 5 6 7 8 |  8.5
Conjurations   | 2 3 4 5 6 8 9 |  9.9
Stealth        | |  1.7

Action                   |  1- 3 |  4- 6 |  7- 9 | 10-12 || total
-------------------------+-------+-------+-------+-------++-------
Melee: Unarmed           |     8 |       |       |       ||     8
       Whip              |    21 |     7 |       |       ||    28
       Trident           |       |       |   208 |   373 ||   581
 Cast: Freeze            |    69 |    91 |    49 |    16 ||   225
       Throw Frost       |       |    24 |     2 |    29 ||    55
       Throw Icicle      |       |       |    24 |   127 ||   151
       Summon Ice Beast  |       |       |    18 |    56 ||    74
       Bolt of Cold      |       |       |       |     4 ||     4
Evoke: Wand              |       |       |       |     2 ||     2
  Use: Scroll            |     3 |     1 |    11 |    10 ||    25
       Potion            |     3 |     2 |     1 |     9 ||    15
 Stab: Sleeping          |       |       |     3 |     2 ||     5
       Distracted        |       |       |     3 |     3 ||     6
  Eat: Chunk             |     4 |     1 |    12 |    19 ||    36
       Bread ration      |     1 |     1 |     1 |     2 ||     5
       Royal jelly       |       |       |     1 |     1 ||     2
       Fruit             |       |       |     1 |     4 ||     5
Armor: Robe              |    39 |    23 |    24 |     4 ||    90
       Troll leather arm |       |       |       |    88 ||    88
       Skin              |       |       |       |     4 ||     4
Dodge: Dodged            |    76 |    81 |   212 |   456 ||   825

Table legend:
 A = Spawn XP
 B = Non-spawn XP
 C = Spawn XP percentage of total XP
 D = Spawn monster count
 E = Non-spawn monster count
 F = Spawn count percentage of total count
 G = Total turns spent on level
                    A         B        C        D         E        F      G
               +---------+---------+-------+---------+---------+-------+---------
         Total |       0 |   34632 |   0.0 |       0 |     373 |   0.0 | 14371
               +---------+---------+-------+---------+---------+-------+---------
           D:1 |       0 |      22 |   0.0 |       0 |      16 |   0.0 |   870
           D:2 |       0 |      29 |   0.0 |       0 |      10 |   0.0 |   745
           D:3 |       0 |     163 |   0.0 |       0 |      21 |   0.0 |  1558
           D:4 |       0 |     419 |   0.0 |       0 |      18 |   0.0 |  1243
           D:5 |       0 |     640 |   0.0 |       0 |      22 |   0.0 |  1069
           D:6 |       0 |    1311 |   0.0 |       0 |      28 |   0.0 |  1121
           D:7 |       0 |    1294 |   0.0 |       0 |      17 |   0.0 |  1121
           D:8 |       0 |    1584 |   0.0 |       0 |      32 |   0.0 |   943
           D:9 |       0 |    3199 |   0.0 |       0 |      54 |   0.0 |  1138
          D:10 |       0 |    2395 |   0.0 |       0 |      31 |   0.0 |   782
          D:11 |       0 |    7742 |   0.0 |       0 |      46 |   0.0 |  1073
          D:12 |       0 |    4195 |   0.0 |       0 |      19 |   0.0 |  1026
          D:13 |       0 |   10203 |   0.0 |       0 |      49 |   0.0 |   695
          D:14 |       0 |    1364 |   0.0 |       0 |       9 |   0.0 |   304
        Temple |       0 |      72 |   0.0 |       0 |       1 |   0.0 |   683
               +---------+---------+-------+---------+---------+-------+---------
